 Dungeon Crawl Stone Soup version 0.18.1-8-gdd0e5ea (webtiles) character file.

94 Jerry the Covered (level 4, -4/35 HPs)
             Began as a Demonspawn Fighter on May 24, 2016.
             Slain by Grinder (7 damage)
             ... on level 3 of the Dungeon.
             The game lasted 00:05:58 (2020 turns).

Jerry the Covered (Demonspawn Fighter)              Turns: 2020, Time: 00:05:58

Health: -4/35      AC: 10    Str: 18    XL:     4   Next: 38%
Magic:  4/4        EV:  7    Int:  9    God:
Gold:   97         SH:  8    Dex: 12    Spells: 0 memorised, 3 levels left

rFire  + . .     SeeInvis .     s - -3 mace (curse)
rCold  . . .     Gourm    .     b - +0 scale mail
rNeg   . . .     Faith    .     c - +0 shield
rPois  .         Spirit   .     (no helmet)
rElec  .         Dismiss  .     (no cloak)
rCorr  .         Reflect  .     (no gloves)
SustAt .         Harm     .     j - +2 pair of boots
MR     .....                    (no amulet)
Stlth  ..........               (no ring)
                                (no ring)

@: very slightly contaminated, hasted, very quick, not resistant to hostile
enchantments, extremely unstealthy
A: fire resistance 1, powered by death 1, flame cloud immunity
a: no special abilities


You were on level 3 of the Dungeon.
You were not hungry.

You visited 1 branch of the dungeon, and saw 3 of its levels.

You collected 97 gold pieces.

Inventory:

Hand Weapons
 a - a +1 flail
 s - a cursed -3 mace (weapon)
Armour
 b - a +0 scale mail (worn)
 c - a +0 shield (worn)
 j - a +2 pair of boots (worn)
Wands
 n - a wand of acid (10/15)
Scrolls
 d - a scroll of enchant weapon
Potions
 i - a potion of lignification {unknown}
 k - a potion of magic {unknown}
 l - a potion of brilliance {unknown}
 p - 3 potions of flight {unknown}
Comestibles
 f - 4 bread rations
 h - 2 beef jerkies
 m - a slice of pizza
 o - a royal jelly
 q - 2 fruits


   Skills:
 - Level 3.0 Fighting
 + Level 3.2 Maces & Flails
 + Level 3.9 Armour
 - Level 2.6 Shields


You had 3 spell levels left.
You didn't know any spells.

Dungeon Overview and Level Annotations

Branches:
Dungeon (3/15)

Altars:
Pakellas
Qazlal
The Shining One

Annotations:
D:3 Grinder


Innate Abilities, Weirdness & Mutations

Your flesh is heat resistant.
You regenerate a little health from kills.
You are immune to clouds of flame.


Message History

You are too injured to fight recklessly!
Drink which item? (? for menu, Esc to quit)
You feel much better. Grinder hits you.
You writhe in agony. x2
Drink which item? (? for menu, Esc to quit)
It was a potion of haste.
You feel yourself speed up. Grinder gestures at you.
You suddenly lose the ability to move!
You are very lightly contaminated with residual magic.
Grinder hits you.
You writhe in agony.
Grinder hits you but does no damage.
You feel less regenerative. Grinder hits you but does no damage.
You can move again.
Your shield prevents you from hitting Grinder.
Grinder hits you.
* * * LOW HITPOINT WARNING * * *
You writhe in agony.
* * * LOW HITPOINT WARNING * * *
Grinder hits you!
You die...

##########
######################
###§§#.§.#.##.........#
###.s###.#.##.......[.#
.#####≈#.#§##...!.....#
.#.._..#§..##.........#
.#≈...≈######....)%...#
.###'########.?(......#
........# #...@5.)..#
........# #.........#
.......#### #.........#
#.........######.######
##..#####...........#
##.#################
#..).# #.##.# #.# ..


You could see Grinder.

Vanquished Creatures
  An orc wizard (D:3)
  An adder (D:2)
  An ooze (D:1)
  2 worms (D:2)
  A dart slug (D:1)
  2 giant geckos
  3 orcs (D:2)
  3 goblins
  6 hobgoblins
  2 quokkas (D:2)
  A ball python (D:3)
  6 bats
  4 giant newts
  6 kobolds
  5 rats (D:1)
44 creatures vanquished.

Notes
Turn   | Place    | Note
--------------------------------------------------------------
     0 | D:1      | Jerry the Demonspawn Fighter began the quest for the Orb.
     0 | D:1      | Reached XP level 1. HP: 18/18 MP: 1/1
   173 | D:1      | Gained mutation: Your flesh is heat resistant. [demonic ancestry]
   173 | D:1      | Reached XP level 2. HP: 24/24 MP: 2/2
   770 | D:1      | You fall through a shaft!
   910 | D:2      | Gained mutation: You are immune to clouds of flame. [demonic ancestry]
   910 | D:2      | Reached XP level 3. HP: 25/29 MP: 3/3
  1048 | D:2      | Found a stormy altar of Qazlal.
  1693 | D:3      | Gained mutation: You regenerate a little health from kills. [demonic ancestry]
  1693 | D:3      | Reached XP level 4. HP: 14/35 MP: 4/4
  1971 | D:3      | Found a glowing golden altar of the Shining One.
  1985 | D:3      | Found an oddly glowing altar of Pakellas.
  1986 | D:3      | Noticed a wolf spider
  2001 | D:3      | Noticed Grinder
  2015 | D:3      | Paralysed by Grinder for 4 turns
  2020 | D:3      | Slain by Grinder

Skill      XL: |  1  2  3 |
---------------+----------+-----
Maces & Flails | 2 3 |  3.2
Armour         | 3 |  3.9
Fighting       | |  3.0
Shields        | |  2.6

Action                   |  1- 3 |  4- 6 || total
-------------------------+-------+-------++-------
Melee: Flail             |   126 |       ||   126
       Mace              |    63 |    19 ||    82
  Use: Scroll            |     5 |     2 ||     7
       Potion            |     2 |     2 ||     4
  Eat: Chunk             |     3 |     1 ||     4
Armor: Scale mail        |   123 |    10 ||   133
Dodge: Dodged            |    60 |     2 ||    62
Block: Shield            |   108 |     9 ||   117
